AoeStats
← Miguel GC

Arabia

509781998Analyzed
1v1 RM · 5d ago on Sep 28, 2026· 62m 17s· 2 players
Game mode
Random Map
Map size
Tiny (2 player)
Population
200
Speed
Normal
Resources
Standard
Victory
Conquest
Starting age
Dark Age
Ending age
Imperial Age
RankedLock teamsTeams togetherTeam positionsShared explorationLock speedFull tech treeHidden civsTurbo modeCheats
Victory
Defeat
🇲🇽 Byzantines · Mexico
1759
+10
🇦🇷 Varangians · Argentina
1613
-10
Jhoonas
6:03 Loom
8:51 Feudal Age
9:23 Double-Bit Axe
14:03 Bloodlines
16:47 Fletching
22:11 Castle Age
20:23 Horse Collar
22:52 Bodkin Arrow
22:19 Light Cavalry
23:12 Scale Barding Armor
23:10 Town Watch
25:36 Husbandry
25:52 Gold Mining
26:16 Bow Saw
28:01 Ballistics
29:09 Gold Mining
30:00 Padded Archer Armor
35:27 Wheelbarrow
35:03 Devotion
35:45 Stone Mining
40:25 Imperial Age
38:15 Hand Cart
38:41 Heavy Plow
41:20 Stone Shaft Mining
41:15 Bracer
42:38 Chemistry
41:22 Cranequins
42:41 Elite Skirmisher
44:34 Leather Archer Armor
44:50 Pikeman
45:30 Squires
45:34 Scale Mail Armor
45:44 Forging
46:55 Conscription
46:10 Halberdier
48:59 Chain Mail Armor
53:34 Plate Mail Armor
Miguel GC
5:58 Loom
8:58 Feudal Age
9:03 Man-at-Arms
17:57 Fletching
21:42 Castle Age
20:32 Scale Barding Armor
20:58 Gold Mining
20:50 Horse Collar
23:10 Double-Bit Axe
24:02 Forging
26:39 Chain Barding Armor
27:02 Husbandry
30:45 Wheelbarrow
31:49 Stone Mining
32:32 Hand Cart
39:06 Imperial Age
36:14 Pikeman
36:55 Squires
38:07 Bow Saw
38:07 Heavy Plow
38:35 Scale Mail Armor
39:50 Chain Mail Armor
40:10 Iron Casting
39:17 Heavy Camel Rider
40:01 Gambesons
40:51 Halberdier
43:11 Elite Varangian Guard
44:23 Conscription
44:09 Light Cavalry
45:33 Plate Barding Armor
50:21 Long Swordsman
50:47 Arson
51:38 Plate Mail Armor
51:16 Two-Handed Swordsman
51:53 Bodkin Arrow
52:24 Ballistics
52:25 Champion
52:43 Hussar
Connection lost

Rejoining the realm…

Still unreachable

The connection could not be restored.

Session expired

The server has moved on; the page needs a fresh start.